 Dungeon Crawl Stone Soup version 0.29-a0-384-g6960b1960d (webtiles) character file.

Game seed: 8973099095530570479

122656 bastard the Spry (level 17, -11/112 HPs)
             Began as a Djinni Summoner on May 7, 2022.
             Was the Champion of Hepliaklqana.
             Killed from afar by a deep elf high priest (31 damage)
             ... with damnation
             ... on level 3 of the Elven Halls.
             The game lasted 01:17:29 (37961 turns).

bastard the Spry (Djinni Summoner)                 Turns: 37961, Time: 01:17:29

Health: -11/112    AC: 21    Str:  7    XL:     17   Next: 43%
Gold:   2252       EV: 19    Int: 26    God:    Hepliaklqana [******] SH:  0 Dex: 13

rFire   + + .      SeeInvis .   b - staff of air
rCold   x . .      Faith    .   (no shield)
rNeg    + . .      Spirit   .   z - +2 swamp dragon scales
rPois   ∞          Reflect  .   j - +1 helmet
rElec   +          Harm     .   w - +0 cloak
rCorr   .          Rampage  .   G - +0 pair of gloves
Will    ++++.      Clarity  +   (boots unavailable)
Stlth   +.........              M - amulet of the Four Winds {rN+ Will+++ Clar}
HPRegen 0.28/turn               r - +4 ring of protection
MPRegen 0.00/turn               P - +4 ring of evasion

@: flying
A: reduced essence, sickness immunity, fire resistance 2, cold vulnerability 1,
float, innate caster, HP casting, extra vitality 1
a: Renounce Religion, Recall Ancestor, Ancestor Identity, Transference, Idealise


You were on level 3 of the Elven Halls.
You worshipped Hepliaklqana.
Hepliaklqana was exalted by your worship.
You visited 5 branches of the dungeon, and saw 25 of its levels.
You also visited: Volcano.

You collected 3121 gold pieces.
You spent 869 gold pieces at shops.

Inventory:

Hand Weapons
 a - the +9 lance "Wyrmbane" {slay drac, rPois rF+ rC+ AC+3}
   (You took it off Maggie on level 7 of the Dungeon)

   It inflicts extra damage against dragons and draconians.
   AC:        It affects your AC (+3).
   rF:        It protects you from fire.
   rC:        It protects you from cold.
   rPois:     It protects you from poison.
Missiles
 F - 3 throwing nets
Armour
 j - a +1 helmet (worn)
 w - a +0 cloak (worn)
 z - +2 swamp dragon scales (worn)
 C - a scarf of shadows
 G - a +0 pair of gloves (worn)
Magical Staves
 b - a staff of air (weapon)
Jewellery
 k - a ring of positive energy
 r - a +4 ring of protection (left hand)
 v - a ring of protection from fire
 L - an amulet of regeneration
 M - the amulet of the Four Winds (around neck) {rN+ Will+++ Clar}
   (You bought it in a shop on level 10 of the Dungeon)

   [amulet of nothing]

   rN:        It protects you from negative energy.
   Clar:      It protects you against confusion.
   Will:      It greatly increases your willpower.
 P - a +4 ring of evasion (right hand)
Wands
 m - a wand of flame (52)
 p - a wand of mindburst (13)
 s - a wand of iceblast (19)
 t - a wand of acid (7)
 D - a wand of digging (4)
 E - a wand of polymorph (4)
 O - a wand of paralysis (18)
Scrolls
 f - 3 scrolls of fog
 g - 2 scrolls of identify
 h - 7 scrolls of teleportation
 o - 5 scrolls of vulnerability
 x - a scroll of enchant armour
 B - 3 scrolls of poison
 K - a scroll of brand weapon
Potions
 c - 4 potions of mutation
 d - 8 potions of brilliance
 e - 5 potions of might
 i - 15 potions of curing
 l - 2 potions of ambrosia
 n - 6 potions of haste
 q - 2 potions of resistance
 u - 3 potions of invisibility
 y - a potion of berserk rage
 A - 3 potions of lignification
 I - 2 potions of attraction
 J - a potion of cancellation


   Skills:
 - Level 12.5 Fighting
 + Level 8.9 Polearms
 + Level 9.1 Armour
 + Level 15.6 Dodging
 - Level 2.0 Stealth
 + Level 15.2 Spellcasting


You had 2 spell levels left.
You knew the following spells:

 Your Spells              Type           Power      Damage    Failure   Level
a - Summon Small Mammal   Summ           100%       N/A       0%          1
b - Call Imp              Summ           78%        N/A       1%          2
c - Call Canine Familiar  Summ           78%        N/A       1%          3
d - Summon Guardian Gole  Hex/Summ       78%        N/A       1%          3
e - Summon Lightning Spi  Summ/Air       99%        N/A       1%          4
f - Pain                  Necr           100%       1d9       0%          1
g - Corpse Rot            Necr/Air       100%       N/A       1%          2
h - Stone Arrow           Conj/Erth      100%       3d13      1%          3
i - Conjure Flame         Conj/Fire      78%        6-21      1%          3
j - Airstrike             Air            49%        N/A       1%          4
k - Lightning Bolt        Conj/Air       49%        1d70      1%          5
l - Conjure Ball Lightni  Conj/Air       49%        3x3d17    1%          6
m - Haunt                 Necr/Summ      39%        N/A       12%         7
Your spell library was empty.

Dungeon Overview and Level Annotations

Branches:
Dungeon (13/15)            Temple (1/1) D:7            Lair (6/6) D:11
 Shoals (0/4) Lair:4       Spider (0/4) Lair:2        Slime (0/5) Lair:5
    Orc (2/2) D:10            Elf (3/3) Orc:2       Volcano (visited)
 Vaults: D:13-14

Altars:
Ashenzari
Cheibriados
Dithmenos
Fedhas
Gozag
Hepliaklqana
Kikubaaqudgha
Makhleb
Nemelex Xobeh
Okawaru
Qazlal
Ru
Sif Muna
Trog
Uskayaw
Vehumet
Wu Jian
Xom
Yredelemnul
Zin
The Shining One

Shops:
D:10 =   Orc:2 (?=?(   Elf:3 (*[

Portals:
Trove: D:11 (give +3 fire dragon scales)

Annotations:
D:5 exclusion: downstairs
D:6 3 runed translucent doors, BubbleThief's ghost, novice DsNe
D:7 exclusion: 2 downstairs
D:11 exclusions: ancestor and downstairs
Lair:2 2 transporters, Urgle's ghost, journeyman GnFi
Lair:5 exclusion: downstairs
Elf:1 exclusion: 2 downstairs
Elf:2 3 runed translucent doors
Elf:3 36 runed doors


Innate Abilities, Weirdness & Mutations

Your life essence is reduced to manifest your ancestor. (-10% HP)
You are immune to sickness and miasma.
You are immune to poison.
Your flesh is very heat resistant. (rF++)
You are vulnerable to cold. (rC-)
You float through the air rather than walking.
You learn spells naturally, not from books.
Your magical power is your life essence.
You have superior vitality. (+4 MHP)


Message History

The deep elf sorcerer shouts!
The deep elf demonologist shouts!
The deep elf death mage hits you with a +2 long sword of holy wrath.
* * * LOW HITPOINT WARNING * * *
Okay, then.
Okay, then.
Press: ? - help, v - describe, . - travel
Here: a deep elf sorcerer, wielding a +0 rapier and wearing a +0 ring mail The floor.
Okay, then.
Unknown command.
As you read the scroll of teleportation, it crumbles to dust.
You feel strangely unstable.
The deep elf demonologist mumbles some strange words.
The deep elf death mage hits you with a +2 long sword of holy wrath!
* * * LOW HITPOINT WARNING * * *
The deep elf sorcerer points at you and mumbles some strange words.
The bolt of acid misses you.
As you read the scroll of silence, it crumbles to dust.
A profound silence engulfs you.
The deep elf death mage hits you with a +2 long sword of holy wrath.
* * * LOW HITPOINT WARNING * * *
The deep elf sorcerer misses you.
The deep elf death mage closely misses you.
The deep elf sorcerer attacks as you move away!
The deep elf sorcerer closely misses you.
Your surroundings suddenly seem different.
(D) Dungeon (T) Temple (L) Lair (A) Shoals (N) Spider Nest (M) Slime Pits (O) Orcish Mines (E) Elven Halls
Where to? (Enter - Elf:3, ? - help)
Your hearing returns.
(D) Dungeon (T) Temple (L) Lair (A) Shoals (N) Spider Nest (M) Slime Pits (O) Orcish Mines (E) Elven Halls
Where to? (Enter - Elf:2, ? - help)
(D) Dungeon (T) Temple (L) Lair (A) Shoals (N) Spider Nest (M) Slime Pits (O) Orcish Mines (E) Elven Halls
Where to? (Enter - Elf:2, ? - help)
The deep elf high priest shouts!
The deep elf high priest invokes the aid of its god against you.
The sphere of damnation explodes!
The damnation engulfs you!!
You die...

.+ +..# #.# ##§§§ .+ +..# #.#
##.§§§ .+ +..# ###'####.#... .+
+..#### ##.....#'##..≈ .+ +..#..#
##.......###..≈ .+
+.....###.........##..≈
.++++++++++.....##...........#..≈
.............8..##.e.........#..≈
................@'...........##..
#######......8..##...........##..
### ##'##......##..<........###.
..####.#####....###.........## #.
....#'## ###..###'.......#'####
......# #####.##.....###.##
....### ##.######### #..## ...##
#########.## #.#.# ##'#
##.....##.## #.##.


You could see a deep elf high priest.

Vanquished Creatures
  A deep elf blademaster (Elf:3)
  A deep elf master archer (Elf:3)
  A deep elf elementalist (Elf:3)
  A deep elf annihilator (Elf:3)
  3 deep elf death magi
  3 deep elf high priests (Elf:3)
  A radroach (shapeshifter) (Elf:1)
  25 dancing weapons
  A deep troll shaman (Lair:6)
  2 death yaks (Lair:6)
  4 deep elf knights
  7 deep elf archers
  18 deep elf pyromancers
  11 deep elf zephyrmancers
  2 orc sorcerers (Orc:2)
  13 elephants
  2 black mambas
  2 cane toads
  A rime drake (Lair:1)
  A polar bear (Lair:3)
  2 blink frogs
  2 air elementals
  2 water elementals (Elf:3)
  9 yaks (Lair:6)
  A vampire (D:11)
  A fire elemental (Elf:1)
  A hog (shapeshifter) (Elf:1)
  A steam dragon (Lair:5)
  A basilisk (Lair:3)
  A warg (Orc:1)
  A warg (shapeshifter) (Elf:1)
  2 acid dragons
  4 water moccasins
  9 orc warriors
  A sky beast (D:7)
  3 ice beasts
  4 wolves
  An ogre (Orc:1)
  4 bullfrogs
  3 earth elementals
  5 killer bees
  A howler monkey (D:9)
  2 jellies (Lair:1)
  10 orc priests
  6 orc wizards
  2 adders
  3 gnolls
  10 orcs
  2 ball pythons (D:2)
  3 bats
  3 endoplasms
  4 goblins
  3 kobolds
  A quokka (D:3)
  A frilled lizard (D:2)
  3 rats
  A bush (Lair:6)
213 creatures vanquished.

Vanquished Creatures (collateral kills)
  A deep elf master archer (Elf:3)
  A deep elf sorcerer (Elf:3)
  A red draconian (Volcano)
  A dire elephant (Lair:6)
  A deep elf high priest (Elf:3)
  Harold (D:10)
  Erolcha (D:12)
  A catoblepas (Lair:6)
  2 hydras
  An ice dragon (Lair:3)
  An ogre mage (Volcano)
  5 two-headed ogres
  11 death yaks
  A dancing weapon (Elf:2)
  An orc high priest (Orc:2)
  2 deep elf knights (Elf:2)
  3 deep elf archers
  7 deep elf zephyrmancers
  5 deep elf pyromancers
  3 orc sorcerers (Orc:2)
  2 ugly things
  A cyclops (D:12)
  An oklob plant (Lair:1)
  14 elephants
  An ice statue (Lair:3)
  An unseen horror (D:11)
  9 cane toads
  Maggie (D:7)
  9 komodo dragons
  2 rime drakes
  7 polar bears
  A hornet (D:10)
  5 slime creatures (D:12)
  Grinder (D:5)
  6 blink frogs
  Sigmund (D:2)
  A vampire (D:11)
  An air elemental (Elf:3)
  30 yaks
  Eustachio (D:6)
  4 wyverns
  2 fire elementals
  4 basilisks
  Grum (D:8)
  3 steam dragons
  4 acid dragons
  8 water moccasins
  Duvessa (D:7)
  4 orc warriors
  2 sky beasts
  5 ice beasts
  9 wolves
  7 centaurs
  2 phantoms
  4 kobold brigands
  11 bullfrogs
  2 necrophages (D:6)
  A gnoll sergeant (D:12)
  2 earth elementals
  A scorpion (D:4)
  3 wights (D:7)
  Dowan (D:7)
  12 killer bees
  5 howler monkeys
  11 jellies
  6 hounds
  11 orc priests
  A gnoll shaman (D:8)
  4 iguanas
  17 orc wizards
  Ijyb (D:5)
  A hell rat (D:11)
  9 gnolls
  5 adders
  4 white imps
  2 ufetubi
  2 worms
  2 dart slugs
  34 orcs
  A ball python (D:4)
  3 bats (D:1)
  24 endoplasms
  3 giant cockroaches
  4 goblins
  4 hobgoblins
  8 jackals
  A quokka (D:2)
  11 kobolds
  6 rats
  A spectral goblin (D:9)
  9 ball lightnings
428 creatures vanquished.

Vanquished Creatures (others)
  A boulder beetle (D:11)
  A hydra (Lair:1)
  2 two-headed ogres (Volcano)
  2 death yaks
  Pikel (D:9)
  A deep elf zephyrmancer (Elf:1)
  An ugly thing (D:11)
  3 elephants (Lair:5)
  A cyclops (D:11)
  A cane toad (Lair:5)
  A komodo dragon (Lair:1)
  A troll (D:12)
  2 polar bears
  10 yaks
  A steam dragon (D:9)
  An orc warrior (D:6)
  7 wolves
  A bullfrog (Lair:5)
  A scorpion (D:4)
  4 ancestors
  A howler monkey (D:12)
  12 knights
  2 gnolls
  A kobold (D:10)
  182 ball lightnings
  A bush (Lair:6)
  40 fungi
  88 plants
370 creatures vanquished.

Grand Total: 1011 creatures vanquished

Notes
Turn   | Place    | Note
-------+----------+-------------------------------------------
     0 | D:1      | bastard the Djinni Summoner began the quest for the Orb.
     0 | D:1      | Reached XP level 1. HP: 15/15 MP: 0/0
   847 | D:1      | Reached XP level 2. HP: 14/21 MP: 0/0
  1090 | D:1      | HP: 1/21 [hobgoblin/+0 club (5)]
  1764 | D:1      | Reached XP level 3. HP: 4/25 MP: 0/0
  1764 | D:1      | Learned a level 1 spell: Pain
  2647 | D:2      | Reached XP level 4. HP: 29/31 MP: 0/0
  2853 | D:2      | Noticed Sigmund
  2895 | D:2      | Killed Sigmund
  2896 | D:2      | Reached skill level 5 in Spellcasting
  2896 | D:2      | Reached XP level 5. HP: 18/35 MP: 0/0
  2896 | D:2      | Learned a level 2 spell: Corpse Rot
  2896 | D:2      | Reached XP level 6. HP: 20/40 MP: 0/0
  3785 | D:3      | Found a faded altar of an unknown god.
  4650 | D:3      | Found a sacrificial altar of Ru.
  5098 | D:4      | Reached XP level 7. HP: 26/45 MP: 0/0
  5098 | D:4      | Learned a level 3 spell: Stone Arrow
  6154 | D:5      | Entered Level 5 of the Dungeon
  6154 | D:5      | Noticed Ijyb
  6156 | D:5      | Killed Ijyb
  6228 | D:5      | Reached XP level 8. HP: 21/50 MP: 0/0
  6801 | D:5      | Noticed Grinder
  6826 | D:5      | Killed Grinder
  8116 | D:5      | Found a hide-covered altar of Uskayaw.
  8571 | D:6      | Found a runed translucent gate.
  8571 | D:6      | Found a runed translucent gate.
  8573 | D:6      | Found a runed translucent gate.
  8620 | D:6      | Noticed BubbleThief's ghost (novice DsNe)
  8732 | D:6      | Reached XP level 9. HP: 6/55 MP: 0/0
  8732 | D:6      | Learned a level 3 spell: Conjure Flame
  9441 | D:6      | Noticed Eustachio
  9441 | D:6      | Found a broken altar of Ashenzari.
  9453 | D:6      | Killed Eustachio
  9510 | D:6      | Found a stormy altar of Qazlal.
  9891 | D:7      | Found a staircase to the Ecumenical Temple.
  9900 | Temple   | Entered the Ecumenical Temple
 10049 | D:7      | Reached skill level 10 in Spellcasting
 10113 | D:7      | Reached skill level 1 in Fighting
 10206 | D:7      | Found a blossoming altar of Fedhas.
 10213 | D:7      | Found a snail-covered altar of Cheibriados.
 10343 | D:7      | Noticed Maggie
 10373 | D:7      | Killed Maggie
 10374 | D:7      | Reached XP level 10. HP: 52/65 MP: 0/0
 10529 | D:7      | Noticed Duvessa
 10539 | D:7      | Killed Duvessa
 10546 | D:7      | Noticed Dowan
 10553 | D:7      | Killed Dowan
 11009 | D:7      | Reached skill level 5 in Dodging
 11567 | D:8      | Noticed Grum
 11930 | D:8      | Killed Grum
 12383 | D:8      | Found a glowing golden altar of the Shining One.
 12653 | D:9      | Reached skill level 5 in Fighting
 13187 | D:9      | Noticed Pikel
 13201 | D:9      | Reached XP level 11. HP: 70/76 MP: 0/0
 13201 | D:9      | Learned a level 4 spell: Airstrike
 13219 | D:9      | Killed Pikel
 13860 | D:9      | Found a hazy altar of Hepliaklqana.
 13875 | D:9      | Became a worshipper of Hepliaklqana the Forgotten
 14023 | D:10     | Entered Level 10 of the Dungeon
 14085 | D:10     | Found a burning altar of Makhleb.
 14182 | D:10     | Noticed a two-headed ogre
 14194 | D:10     | Killed a two-headed ogre
 14604 | D:10     | Found Zuokil Arghy's Jewellery Boutique.
 15113 | D:10     | Noticed Harold
 15126 | D:10     | Killed Harold
 15249 | D:10     | Found a staircase to the Orcish Mines.
 15279 | D:10     | Noticed a cyan ugly thing
 15288 | D:10     | Killed a cyan ugly thing
 15341 | D:10     | Reached * piety under Hepliaklqana
 15395 | D:10     | Tummy Worm
 15519 | D:11     | Reached XP level 12. HP: 56/77 MP: 0/0
 15637 | D:11     | Noticed a death yak
 15646 | D:11     | Noticed a death yak
 15646 | D:11     | Noticed a death yak
 15664 | D:11     | Killed a death yak
 15665 | D:11     | Killed a death yak
 15672 | D:11     | Killed a death yak
 15774 | D:11     | Found a staircase to the Lair.
 16166 | D:11     | Noticed a boulder beetle
 16175 | D:11     | Killed a boulder beetle
 16176 | D:11     | Reached skill level 10 in Dodging
 16354 | D:11     | Found a portal to a secret trove of treasure.
 16551 | D:11     | Identified a scroll of acquirement
 16551 | D:11     | Acquired 630 gold pieces
 16806 | D:12     | Reached ** piety under Hepliaklqana
 16807 | D:12     | Remembered your ancestor Tummy Worm as a knight
 16990 | D:12     | Found an iron altar of Okawaru.
 17001 | D:12     | Noticed Erolcha
 17011 | D:12     | Killed Erolcha
 17376 | D:12     | Noticed a centaur warrior
 17794 | Lair:1   | Entered Level 1 of the Lair of Beasts
 18048 | Lair:1   | Reached XP level 13. HP: 80/84 MP: 0/0
 18048 | Lair:1   | Learned a level 5 spell: Lightning Bolt
 18629 | Lair:1   | Reached *** piety under Hepliaklqana
 18651 | Lair:1   | Reached skill level 10 in Fighting
 18731 | Lair:1   | Noticed a six-headed hydra
 18737 | Lair:1   | Killed a six-headed hydra
 19713 | Lair:2   | Found a dark tunnel.
 19719 | Volcano  | Entered a volcano
 19796 | Volcano  | Noticed an ogre mage
 19800 | Volcano  | Found a bloodstained altar of Trog.
 19806 | Volcano  | Killed an ogre mage
 19821 | Volcano  | Noticed a red draconian
 19829 | Volcano  | Killed a red draconian
 20377 | Lair:2   | Found a transporter.
 20379 | Lair:2   | Found a transporter.
 20380 | Lair:2   | Noticed Urgle's ghost (journeyman GnFi)
 20501 | Lair:2   | Reached **** piety under Hepliaklqana
 20751 | Lair:2   | Found a hole to the Spider Nest.
 21338 | Lair:3   | Reached XP level 14. HP: 58/94 MP: 0/0
 22662 | Lair:4   | Found a staircase to the Shoals.
 22900 | Lair:4   | Reached skill level 1 in Polearms
 22920 | Lair:4   | Reached ***** piety under Hepliaklqana
 24065 | Lair:5   | Found a staircase to the Slime Pits.
 24124 | Lair:5   | Reached XP level 15. HP: 77/101 MP: 0/0
 24124 | Lair:5   | Learned a level 6 spell: Conjure Ball Lightning
 24550 | Lair:6   | Entered Level 6 of the Lair of Beasts
 24563 | Lair:6   | Reached skill level 1 in Armour
 25048 | Lair:6   | Reached skill level 5 in Polearms
 25635 | D:10     | Bought the amulet of the Four Winds {rN+ Will+++ Clar} for
                  | 614 gold pieces
 25635 | D:10     | Found the amulet of the Four Winds {rN+ Will+++ Clar}
 27480 | Orc:1    | Entered Level 1 of the Orcish Mines
 28241 | Orc:2    | Entered Level 2 of the Orcish Mines
 28561 | Orc:2    | Found Pelid's Weapon Shop.
 28688 | Orc:2    | Reached skill level 5 in Armour
 29293 | Orc:1    | Reached ****** piety under Hepliaklqana
 29562 | Orc:2    | Found a staircase to the Elven Halls.
 29744 | Orc:2    | Found Jile Kyepnog's Magic Scroll Emporium.
 29744 | Orc:2    | Found Nacieceg's Jewellery Emporium.
 29745 | Orc:2    | Found Udettinu's Antique Weapon Shoppe.
 29749 | Orc:2    | Found Pimpuk's Magic Scroll Shoppe.
 29752 | Orc:2    | Bought a scroll of identify for 36 gold pieces
 29756 | Orc:2    | Bought a scroll of identify for 24 gold pieces
 29756 | Orc:2    | Bought a scroll of identify for 24 gold pieces
 29756 | Orc:2    | Bought a scroll of identify for 24 gold pieces
 29996 | Elf:1    | Entered Level 1 of the Elven Halls
 30665 | Elf:1    | Reached XP level 16. HP: 100/108 MP: 0/0
 31839 | Elf:1    | Paralysed by an air elemental for 1 turns
 35205 | Elf:2    | Reached skill level 15 in Dodging
 35558 | Elf:2    | Reached skill level 15 in Spellcasting
 35643 | Elf:2    | Found a runed translucent gate.
 35644 | Elf:2    | Found a runed translucent gate.
 35644 | Elf:2    | Found a runed translucent gate.
 35843 | Elf:3    | Entered Level 3 of the Elven Halls
 35889 | Elf:3    | Found Quot's Weapon Emporium.
 36125 | Elf:3    | Reached XP level 17. HP: 104/112 MP: 0/0
 36125 | Elf:3    | Learned a level 7 spell: Haunt
 36287 | Elf:3    | Found Avixtac's Armour Shoppe.
 36774 | Elf:3    | Found a huge runed gate.
 36774 | Elf:3    | Found a huge runed gate.
 36774 | Elf:3    | Found a huge runed gate.
 36776 | Elf:3    | Found a huge runed gate.
 36777 | Elf:3    | Found a huge runed gate.
 36778 | Elf:3    | Found a huge runed gate.
 36778 | Elf:3    | Found a huge runed gate.
 36780 | Elf:3    | Found a huge runed gate.
 36780 | Elf:3    | Found a huge runed gate.
 36780 | Elf:3    | Found a huge runed gate.
 36781 | Elf:3    | Found a huge runed gate.
 36782 | Elf:3    | Found a huge runed gate.
 36783 | Elf:3    | Found a huge runed gate.
 36784 | Elf:3    | Found a huge runed gate.
 36785 | Elf:3    | Found a huge runed gate.
 36795 | Elf:3    | Found a huge runed gate.
 36795 | Elf:3    | Found a huge runed gate.
 36795 | Elf:3    | Found a huge runed gate.
 36795 | Elf:3    | Found a huge runed gate.
 36795 | Elf:3    | Found a huge runed gate.
 36795 | Elf:3    | Found a huge runed gate.
 36796 | Elf:3    | Found a huge runed gate.
 36798 | Elf:3    | Found a huge runed gate.
 36799 | Elf:3    | Found a huge runed gate.
 36808 | Elf:3    | Found a huge runed gate.
 36808 | Elf:3    | Found a huge runed gate.
 36808 | Elf:3    | Found a huge runed gate.
 36808 | Elf:3    | Found a huge runed gate.
 36808 | Elf:3    | Found a huge runed gate.
 36808 | Elf:3    | Found a huge runed gate.
 36809 | Elf:3    | Found a huge runed gate.
 36810 | Elf:3    | Found a huge runed gate.
 36811 | Elf:3    | Found a huge runed gate.
 36838 | Elf:3    | Found a huge runed gate.
 36838 | Elf:3    | Found a huge runed gate.
 36838 | Elf:3    | Found a huge runed gate.
 36874 | Elf:3    | Found Mautuum's General Store.
 36882 | Elf:3    | Bought a scroll of blinking for 105 gold pieces
 36882 | Elf:3    | Bought a scroll of teleportation for 42 gold pieces
 37520 | Elf:3    | Noticed a deep elf master archer
 37526 | Elf:3    | Killed a deep elf master archer
 37649 | Elf:3    | Noticed a deep elf blademaster
 37655 | Elf:3    | Killed a deep elf blademaster
 37923 | Elf:3    | Noticed a deep elf master archer
 37926 | Elf:3    | Identified the ring of Zemosm {rN+ Str+3 Dex+6}
 37932 | Elf:3    | Killed a deep elf master archer
 37935 | Elf:3    | Identified the ring of Oromeass {rF+ rC+ rCorr}
 37961 | Elf:3    | Killed from afar by a deep elf high priest

Illustrated notes

#.....#....#
#.....#....###########
#..∩..'..............#
#.....#..............#
#.....#..............#
#######..............#
#####................#
.....................#
................@....#
................R#####
..).########.....#
###.# #.....# ..#.#
#.....# ..#.# #.....#
..'.########.....#
###..............#
........######...#


Turn 15395 on D:10: Tummy Worm

Levels and vault maps discovered:
D:1:      minmay_arrival_open_corners, layout_loops_ring,
          minmay_misc_feat_four_crosses, kennysheep_crisscross,
          minmay_pentomino_v2
D:2:      layout_basic, supply_closet_lemuel, uniq_sigmund
D:3:      layout_basic, mainiacjoe_overflow_alcove_1,
          hellmonk_ecumenical_altar_crossroads, minivault_27,
          hangedman_decor_growths
D:4:      layout_basic
D:5:      layout_layer_cave, kennysheep_mini, uniq_grinder, uniq_ijyb
D:6:      layout_loops_ring, mainiacjoe_overflow_catwalk_spiral,
          gammafunk_ghost_icy, grunt_ministairs_1, minmay_fractal_squares_5,
          uniq_eustachio
D:7:      kennysheep_six_static_rooms, layout_gridville,
          mainiacjoe_overflow_big_doors, temple_pool_b, uniq_duvessa,
          uniq_maggie
D:8:      layout_basic, old_standard_altar, enter_ossuary_5, grunt_decor_cap,
          uniq_grum
D:9:      minmay_inner_zag, layout_rooms, marbit_many_paths,
          nicolae_hepliaklqana_monster_ancestors, uniq_pikel
D:10:     layout_irregular_city, mainiacjoe_overflow_concentric_impassable,
          orc_0_dummy, serial_shops, kennysheep_little_box, uniq_harold
D:11:     layout_roguey, dpeg_lair_monsters, enter_trove_6
D:12:     layout_cave_pools, grunt_decor_clamped, okawaru_metal_pillars_1_2,
          uniq_erolcha
D:13:     layout_cave_pools, david_vaults_2, lemuel_zombie_altar_yredelemnul
Temple:   nicolae_temple_hex_pool
Lair:1:   lemuel_slime, layout_gridlike, hibernation_bobbens
Lair:2:   layout_regular_city, spider_nest_entry_web_field,
          gammafunk_ghost_hive, nicolae_volcano_entry_s_turn,
          cheibrodos_lair_lostbears
Lair:3:   layout_loops_ring, ice2_lemuel
Lair:4:   layout_cave_pods, shoals_dummy_entry
Lair:5:   layout_gridlike, nicolae_slime_entry_slimehenge, guppyfry_lair_drakes,
          grunt_megastairs_4
Lair:6:   grunt_lair_end_beastmaster, layout_layer_cave,
          nicolae_lair_grazing_beasts [nicolae_sub_lair_graze_edge,
          nicolae_sub_lair_graze_edge, nicolae_sub_lair_graze_edge,
          nicolae_sub_lair_graze_edge]
Orc:1:    layout_caves
Orc:2:    st_orc_mages, layout_diamond_mine, serial_shops,
          nicolae_shop_bloodbath_and_beyond
Elf:1:    eino_elf_arrival_altar, layout_geoelf_octagon, evilmike_minifort
Elf:2:    nicolae_elf_blades_crystal_corner, layout_loops_cross,
          due_unseen_surprise
Elf:3:    minmay_elf_hall_not_hex, layout_geoelf_castle, basic_altar,
          serial_shops, nicolae_diamond_shop, nicolae_shop_statue_plus, shop,
          amcnicky_mini_rare_corridor_liquid, door_vault

Skill      XL: |  1  2  3  4  5  6  7  8  9 10 11 12 13 14 15 16 17 |
---------------+----------------------------------------------------+-----
Stealth        | 2 |  2.0
Spellcasting   | 4 5 7 8 10 11 12 13 14 15 | 15.2
Fighting       | 2 5 7 9 11 12 | 12.5
Dodging        | 4 6 9 10 12 13 14 15 | 15.6
Polearms       | 4 6 8 |  8.9
Armour         | 6 8 9 |  9.1

Action                   |  1- 3 |  4- 6 |  7- 9 | 10-12 | 13-15 | 16-18 || total
-------------------------+-------+-------+-------+-------+-------+-------++-------
Melee: Unarmed           |     6 |       |       |       |       |       ||     6
       Quarterstaff      |    19 |    21 |    15 |       |       |       ||    55
       Lance             |       |       |       |    72 |   146 |       ||   218
       Punch             |       |       |       |       |     4 |       ||     4
       Staff             |       |       |       |       |     3 |     2 ||     5
 Cast: Summon Small Mamm |    35 |     1 |       |     1 |       |       ||    37
       Call Imp          |    20 |     7 |       |     1 |       |       ||    28
       Call Canine Famil |     1 |    26 |    43 |    64 |    64 |    12 ||   210
       Summon Lightning  |       |     4 |    11 |    45 |    37 |     1 ||    98
       Summon Guardian G |       |     1 |    17 |    43 |    52 |     5 ||   118
       Airstrike         |       |       |       |     2 |       |   171 ||   173
       Lightning Bolt    |       |       |       |       |    19 |       ||    19
       Conjure Flame     |       |       |       |       |     1 |       ||     1
       Conjure Ball Ligh |       |       |       |       |    66 |    27 ||    93
       Haunt             |       |       |       |       |       |     9 ||     9
Invok: Ancestor Identity |       |       |       |     2 |       |       ||     2
       Recall Ancestor   |       |       |       |     1 |     7 |     2 ||    10
       Ancestor Life: Kn |       |       |       |     1 |       |       ||     1
       Idealise          |       |       |       |       |       |     1 ||     1
  Use: Scroll            |       |       |    11 |    13 |    10 |     7 ||    41
       Potion            |       |       |       |       |     1 |     5 ||     6
 Stab: Distracted        |       |     1 |       |     1 |     2 |       ||     4
Armor: Robe              |    29 |     6 |    19 |       |       |       ||    54
       Swamp dragon scal |       |       |       |   132 |   148 |    10 ||   290
Dodge: Dodged            |    58 |    27 |    54 |   135 |   203 |    47 ||   524

Table legend: (Time is in decaauts)
 A = Elapsed time spent in this place.
 B = Non-inter-level travel time spent in this place.
 C = Inter-level travel time spent in this place.
 D = Time resting spent in this place.
 E = Time spent auto-exploring this place.
 F = Levels seen in this place.
 G = Mean time per level.
                   A        B        C        D        E       F      G
               +--------+--------+--------+--------+--------+-----+--------+
         Total |  38013 |  36505 |   1508 |      0 |  30395 |  26 | 1462.0 |
       Dungeon |  18307 |  17523 |    784 |      0 |  14674 |  13 | 1408.2 |
        Temple |     87 |     87 |      0 |      0 |     44 |   1 |   87.0 |
          Lair |   8956 |   8416 |    540 |      0 |   6619 |   6 | 1492.7 |
  Orcish Mines |   2386 |   2329 |     57 |      0 |   1871 |   2 | 1193.0 |
   Elven Halls |   7708 |   7583 |    125 |      0 |   6771 |   3 | 2569.3 |
       Volcano |    567 |    567 |      0 |      0 |    416 |   1 |  567.0 |
               +--------+--------+--------+--------+--------+-----+--------+

Top non-repeatable levels by time:
   Elf:1: 4195 daAuts
     D:1: 2240 daAuts
   Elf:3: 2117 daAuts
  Lair:6: 2068 daAuts
     D:5: 1823 daAuts
    D:10: 1802 daAuts
     D:4: 1751 daAuts
  Lair:1: 1653 daAuts
  Lair:3: 1582 daAuts
    D:11: 1572 daAuts
     D:7: 1531 daAuts
     D:2: 1501 daAuts
   Elf:2: 1394 daAuts
     D:9: 1393 daAuts
     D:6: 1357 daAuts
